 Dungeon Crawl Stone Soup version 0.22-a0-247-gbddf880 (webtiles) character file.

643718 mortelune the Eclecticist (level 27, -17/227 HPs)
             Began as a Demonspawn Ice Elementalist on Feb 24, 2018.
             Was the Champion of Ashenzari.
             Demolished by a Killer Klown (24 damage)
             ... on level 5 of the Realm of Zot.
             The game lasted 07:05:05 (103853 turns).

mortelune the Eclecticist (DsIE)                  Turns: 103853, Time: 07:05:06

Health: -17/227    AC:  8    Str: 14    XL:     27
Magic:  5/47       EV: 26    Int: 30    God:    Ashenzari [******]
Gold:   5215       SH: 13    Dex: 20    Spells: 1/67 levels left

rFire    + + +     SeeInvis +   v - +7 scimitar of Dazecw {slice, rElec rF+ rC++} (curse)
rCold    + + +     Gourm    .   z - +0 shield of Good Intentions {rF+ rCorr Str+3} (curse)
rNeg     + + .     Faith    .   i - +2 faerie dragon scales {rN+ rCorr Str-2 Slay+3} (curse)
rPois    +         Spirit   .   (helmet restricted)
rElec    +         Reflect  .   o - +3 cloak of Grace {MR+} (curse)
rCorr    +         Harm     .   H - +2 pair of gloves (curse)
MR       ++++.     Clarity  +   (boots unavailable)
Stlth    +++++.....             g - amulet of magic regeneration (curse)
HPRegen  0.00/turn              W - ring of Hifibuaf {Wiz rC+ MR+ SInv} (curse)
MPRegen  0.55/turn              R - ring "Wot Puel" {Ice rPois rN+ Dex-2 Slay+6} (curse)

@: brilliant, resistant, corroded, very slightly contaminated, invisible
A: beak, talons 3, thin skeletal structure 3, blurry vision 2, demonic guardian
3, fire resistance 1, ignite blood, inhibited regeneration, strong 1, wild magic
1, augmentation 3, flame cloud immunity
}: 4/15 runes: decaying, serpentine, slimy, abyssal
a: Curse Item, Scrying, Transfer Knowledge, Renounce Religion


You were on level 5 of the Realm of Zot.
You worshipped Ashenzari.
Ashenzari was exalted by your worship.
You were not hungry.

You visited 12 branches of the dungeon, and saw 57 of its levels.
You visited the Abyss 1 time.
You also visited: Trove, Sewer and Ice Cave.

You collected 8091 gold pieces.
You spent 2876 gold pieces at shops.

Inventory:

Hand Weapons
 v - the cursed +7 scimitar of Dazecw (weapon) {slice, rElec rF+ rC++}
   (You found it on level 1 of the Elven Halls)

   It inflicts extra damage upon your enemies.
   It protects you from fire.
   It greatly protects you from cold.
   It insulates you from electricity.
   It has a curse placed upon it.
Missiles
 Q - 3 throwing nets (quivered)
Armour
 i - the cursed +2 faerie dragon scales (worn) {rN+ rCorr Str-2 Slay+3}
   (You found it on level 5 of the Depths)

   It affects your strength (-2).
   It affects your accuracy and damage with ranged weapons and melee attacks
   (+3).
   It protects you from negative energy.
   It protects you from acid and corrosion.
   It has a curse placed upon it.
 o - the cursed +3 cloak of Grace (worn) {MR+}
   (You acquired it on level 3 of the Swamp)

   It affects your resistance to hostile enchantments.
   It has a curse placed upon it.
 z - the cursed +0 shield of Good Intentions (worn) {rF+ rCorr Str+3}
   (You bought it in a shop on level 3 of the Snake Pit)

   It affects your strength (+3).
   It protects you from fire.
   It protects you from acid and corrosion.
   It has a curse placed upon it.
 B - the cursed +2 helmet "Vueg" {MR+ MP+9}
   (You bought it in a shop on level 2 of the Orcish Mines)

   It affects your resistance to hostile enchantments.
   It affects your magic capacity (+9).
   It has a curse placed upon it.
 H - a cursed +2 pair of gloves (worn)
Jewellery
 a - an uncursed ring of positive energy
 g - a cursed amulet of magic regeneration (around neck)
 r - a +6 ring of protection
 K - an uncursed ring of poison resistance
 R - the cursed ring "Wot Puel" (right hand) {Ice rPois rN+ Dex-2 Slay+6}
   (You found it on level 5 of the Pits of Slime)

   [ring of ice]

   It enhances your ice magic.
   It affects your dexterity (-2).
   It affects your accuracy and damage with ranged weapons and melee attacks
   (+6).
   It makes you vulnerable to fire.
   It protects you from cold.
   It protects you from poison.
   It protects you from negative energy.
   It has a curse placed upon it.
 W - the cursed ring of Hifibuaf (left hand) {Wiz rC+ MR+ SInv}
   (You took it off a deep elf death mage on level 3 of the Elven Halls)

   [ring of wizardry]

   It improves your spell success rate.
   It protects you from cold.
   It affects your resistance to hostile enchantments.
   It lets you see invisible.
   It has a curse placed upon it.
Wands
 l - a wand of polymorph (101)
 s - a wand of digging (17)
 y - a wand of disintegration (33)
 I - a wand of acid (34)
 U - a wand of scattershot (18)
 X - a wand of paralysis (86)
Scrolls
 d - 24 scrolls of teleportation
 e - 7 scrolls of fog
 h - 8 scrolls of amnesia
 j - 5 scrolls of summoning
 k - 30 scrolls of identify
 n - 13 scrolls of magic mapping
 u - 2 scrolls of blinking
 C - a scroll of acquirement
 F - 10 scrolls of enchant weapon
 G - 9 scrolls of fear
 N - 14 scrolls of remove curse
 O - 5 scrolls of immolation
 S - 9 scrolls of enchant armour
 T - 3 scrolls of brand weapon
 V - a scroll of silence
Potions
 c - a potion of ambrosia
 f - 27 potions of curing
 m - 4 potions of might
 p - a potion of berserk rage
 w - 5 potions of brilliance
 x - 4 potions of haste
 A - 9 potions of flight
 E - 4 potions of cancellation
 J - 3 potions of mutation
 M - 9 potions of agility
 Z - 14 potions of lignification
Miscellaneous
 q - a fan of gales
 P - a lamp of fire
Comestibles
 b - 5 rations


   Skills:
 + Level 20.9 Fighting
 - Level 9.7(14.0) Long Blades
 + Level 15.1 Armour
 + Level 15.1(17.7) Dodging
 - Level 3.1(5.7) Stealth
 - Level 11.2(14.0) Shields
 + Level 20.9 Spellcasting
 - Level 14.4(18.4) Conjurations
 - Level 1.8(5.0) Translocations
 - Level 13.4(17.4) Ice Magic
 - Level 3.9(8.1) Air Magic
 + Level 16.7(20.5) Earth Magic


You had one spell level left.
You knew the following spells:

 Your Spells              Type           Power        Failure   Level  Hunger
a - Iron Shot             Conj/Erth      ########..   1%          6    None
b - Throw Frost           Conj/Ice       ######       1%          2    None
c - Lehudib's Crystal Sp  Conj/Erth      ########..   1%          8    #####..
d - Throw Icicle          Conj/Ice       ########     1%          4    None
e - Summon Ice Beast      Ice/Summ       ########     1%          4    None
f - Blink                 Tloc           N/A          1%          2    None
g - Freeze                Ice            ####         1%          1    None
h - Passwall              Tmut/Erth      #######...   1%          2    None
i - Iskenderun's Mystic   Conj           ########     1%          4    None
j - Passage of Golubria   Tloc           N/A          1%          4    None
k - Ozocubu's Armour      Chrm/Ice       ########     1%          3    None
l - Shatter               Erth           ########..   4%          9    ######.
q - Bolt of Cold          Conj/Ice       ########..   1%          6    None
s - Freezing Cloud        Conj/Ice/Air   ########..   1%          6    None
z - Lee's Rapid Deconstr  Erth           ########..   1%          5    None


Dungeon Overview and Level Annotations

Branches:
Dungeon (15/15)            Temple (1/1) D:7            Lair (6/6) D:8
  Swamp (4/4) Lair:4        Snake (4/4) Lair:2        Slime (5/5) Lair:6
    Orc (2/2) D:10            Elf (3/3) Orc:2        Vaults (4/5) D:13
  Crypt (3/3) Vaults:3       Tomb (0/3) Crypt:3      Depths (5/5) D:15
    Zot (5/5) Depths:5

Altars:
Ashenzari
Cheibriados
Dithmenos
Elyvilon
Fedhas
Gozag
Hepliaklqana
Kikubaaqudgha
Makhleb
Nemelex Xobeh
Okawaru
Qazlal
Ru
Sif Muna
Trog
Uskayaw
Vehumet
Wu Jian
Xom
Yredelemnul
Zin
The Shining One
Beogh
Lugonu

Shops:
D:7 (*:   D:15 !   Orc:1 }!   Orc:2 *(?*   Elf:1 [   Snake:3 *   Vaults:3 *
Vaults:4 ?   Depths:1 }}   Depths:5 ?

Portals:
Hell: Depths:1 Depths:2 Depths:3 Depths:4 Depths:5
Abyss: Depths:3 Depths:4
Pandemonium: Depths:3
Ziggurat: Depths:3

Annotations:
Lair:4 1 exclusion


Innate Abilities, Weirdness & Mutations

You have claws for feet.
You have an unnaturally thin skeletal structure. (Dex +6, Stealth++)
A powerful demonic guardian rushes to your aid.
Your flesh is heat resistant. (rF+)
Your demonic aura causes spilled blood to erupt in flames.
Your magical and physical power is greatly enhanced at high health.
You are immune to clouds of flame.
You have a beak for a mouth.
Scrolls take you longer to read.
You do not regenerate when monsters are visible.
Your muscles are strong. (Str +2)
Your spells are a little harder to cast, but a little more powerful.


Message History

The Killer Klown is almost dead.
The Killer Klown sprays water.
You block the Killer Klown's attack.
The Killer Klown blinks!
You slash the Killer Klown!
You peck the Killer Klown, but do no damage.
The Killer Klown is severely wounded.
The Killer Klown is engulfed in blazing flames.
The Killer Klown pokes you!
* * * LOW HITPOINT WARNING * * *
You writhe in agony.
* * * LOW HITPOINT WARNING * * *
You feel better.
The Killer Klown is engulfed in blazing flames.
The Killer Klown eye-gouges you!
* * * LOW HITPOINT WARNING * * *
You are engulfed in flames.
You resist.
* * * LOW HITPOINT WARNING * * *
The Killer Klown is engulfed in blazing flames.
The Killer Klown tickles you!!
You die...

#######...###.....^............*
.........###............^..^...,*
........## #................... *
.^......# #.........^......... *
.......## #.......p...........,
.......# #..^..^....^.^......,*
.....^.## #....§..............,
........# ##..p)..............**
=.......#* ##.^@^§...........#*
.).......# ##§§............##
#)######## ################ ).#
)## #### ### ######...# ..#
#...#....# ..# #########........#
..## #.....#.........#*


You could see 2 Killer Klowns.

Vanquished Creatures
  the Royal Jelly (Slime:5)
  Mara (Snake:3)
  Frederick (Crypt:2)
  Margery (Depths:5)
  3 curse toes
  3 caustic shrikes (Depths:5)
  2 Killer Klowns
  4 golden dragons
  Nikola (Swamp:3)
  5 bone dragons
  3 liches
  11 tentacled monstrosities
  3 deep elf blademasters
  8 Orb Guardians (Zot:5)
  2 titans
  A deep elf master archer (Depths:2)
  An acid blob (shapeshifter) (Depths:2)
  4 quicksilver dragons
  3 sphinxes (Depths:2)
  8 death cobs
  12 acid blobs
  4 shadow dragons
  8 ancient champions
  7 tengu reavers
  Agnes (Snake:4)
  10 storm dragons
  2 thorn hunters
  5 revenants
  4 draconian monks
  5 azure jellies
  The ghost of kidcy the Fighter, a journeyman HOFi of Elyvilon (Swamp:4)
  9 vault wardens
  10 nagarajas
  An azure jelly (shapeshifter) (Depths:2)
  7 fire giants
  11 deep elf sorcerers
  4 draconian scorchers
  5 ghost moths
  5 draconian knights
  An orc warlord (Vaults:4)
  6 frost giants
  3 draconian stormcallers
  A juggernaut zombie (Crypt:2)
  The ghost of Soeti the Martial Artist, an adept OpTm of Cheibriados (Swamp:2)
  An iron dragon (shapeshifter) (Depths:2)
  A balrug (Depths:4)
  2 deep elf elementalists (Elf:3)
  2 curse skulls
  7 draconian shifters
  A caustic shrike zombie (Crypt:3)
  11 ironheart preservers
  4 ghouls
  7 draconian annihilators
  3 war gargoyles (Depths:2)
  14 stone giants
  12 very ugly things
  4 spriggan defenders
  Nessos (Lair:4)
  A caustic shrike skeleton (Depths:4)
  9 deep elf demonologists
  2 reapers (Crypt:2)
  3 green draconians
  5 entropy weavers
  11 deep elf annihilators
  4 vampire knights
  3 lorocyprocas (Depths:2)
  4 purple draconians
  6 red draconians
  7 black draconians
  Azrael (D:12)
  7 spark wasps
  5 yellow draconians
  11 white draconians
  6 death oozes
  4 eidola
  Josephine (D:13)
  2 mummy priests (Crypt:3)
  6 deep elf death magi
  3 crystal guardians
  8 ettins
  A spectral golden dragon (Crypt:2)
  4 deep elf high priests (Elf:3)
  13 jiangshi
  14 fire dragons
  Fannar (Lair:2)
  137 slime creatures
  15 yaktaur captains
  9 great orbs of eyes
  18 hydras
  4 rakshasas
  20 naga warriors
  5 ice dragons
  2 ghost crabs (Swamp:4)
  6 vault guards
  5 spriggan air magi
  A death knight (Vaults:2)
  12 anacondas
  10 centaur warriors
  11 deep troll shamans
  A two-headed ogre (shapeshifter) (Depths:2)
  42 two-headed ogres
  29 dancing weapons
  7 alligators
  3 tengu warriors
  A queen ant (Lair:6)
  8 deep troll earth magi
  9 shock serpents
  2 orc high priests (Orc:1)
  7 spriggan berserkers
  The ghost of xccam the Slicer, a novice DrGl of Ru (D:9)
  11 naga sharpshooters
  11 ogre magi
  8 vampire magi
  23 deep elf knights
  A soul eater (Crypt:2)
  3 wretched stars (Abyss:3)
  2 sun demons (Depths:4)
  Nergalle (D:12)
  12 hell knights
  A sea snake (shapeshifter) (Depths:2)
  25 skeletal warriors
  7 large abominations
  4 salamander mystics
  2 shadow wraiths
  An unseen horror (shapeshifter) (Vaults:3)
  30 deep trolls
  2 unseen horrors
  2 spriggan druids
  A sea snake (Snake:1)
  4 wizards
  3 flayed ghosts (Crypt:2)
  6 shambling mangroves
  5 naga ritualists
  A glowing orange brain (shapeshifter) (Depths:2)
  5 glowing orange brains
  A tengu zombie (Vaults:2)
  A shadow demon (Abyss:3)
  13 swamp dragons
  5 phantasmal warriors
  2 lindwurms
  23 orc knights
  55 deep elf magi
  An anaconda skeleton (Crypt:3)
  7 ironbrand convokers
  12 deep elf archers
  8 necromancers
  2 human zombies
  6 harpies
  A faun (shapeshifter) (Depths:2)
  7 shining eyes
  15 mana vipers
  6 orc sorcerers
  40 ugly things
  2 oklob plants (Lair:3)
  4 wolf spiders
  6 cyclopes
  7 elephants
  An iron dragon skeleton (Crypt:2)
  19 moths of wrath
  8 salamanders
  2 frost giant skeletons (Crypt:2)
  A sphinx skeleton (Depths:4)
  2 eyes of devastation
  6 guardian serpents
  9 vault sentinels
  A shock serpent zombie (Crypt:2)
  2 stone giant skeletons
  An ice statue (IceCv)
  Maurice (D:12)
  17 naga magi
  48 black mambas
  2 kobold demonologists
  An orange demon (Abyss:3)
  2 efreet
  A dire elephant skeleton (Crypt:2)
  10 spiny frogs
  6 rime drakes
  A yaktaur (shapeshifter) (Depths:5)
  5 freezing wraiths
  43 yaktaurs
  2 tengu conjurers
  4 komodo dragons
  5 guardian mummies (Crypt:3)
  A human skeleton (Vaults:3)
  A hydra zombie (Crypt:2)
  A yellow draconian skeleton (Crypt:2)
  8 meliai
  A queen bee (Abyss:3)
  12 polar bears
  35 hornets
  A merfolk (D:13)
  16 trolls
  14 bog bodies
  8 tyrant leeches
  A satyr zombie (Crypt:1)
  2 harpy skeletons
  13 dream sheep (Lair:6)
  5 hippogriffs
  A raiju (shapeshifter) (Elf:3)
  18 blink frogs
  3 ettin zombies
  A fire dragon zombie (Crypt:2)
  2 spriggan zombies (Depths:1)
  A frost giant simulacrum (Vaults:3)
  4 air elementals
  2 ettin skeletons
  28 spriggans
  An alligator skeleton (Crypt:1)
  10 flying skulls (Crypt:1)
  A tarantella (shapeshifter) (Depths:1)
  6 redbacks
  A tarantella (Vaults:3)
  3 shadows
  A spriggan (shapeshifter) (Vaults:4)
  Eustachio (D:5)
  A dire elephant simulacrum (Crypt:2)
  2 hogs (Lair:5)
  An ushabti (Crypt:3)
  5 fire elementals
  42 yaks
  8 wraiths
  9 golden eyes
  A water elemental (Elf:2)
  A wyvern (D:15)
  3 hungry ghosts
  A basilisk (Lair:4)
  An elf zombie (Depths:4)
  A neqoxec (Abyss:3)
  27 vampire mosquitoes
  A chaos spawn (Abyss:3)
  A small abomination (Abyss:3)
  30 insubstantial wisps
  22 swamp worms
  A faun zombie (Crypt:3)
  5 wargs
  3 acid dragons
  53 nagas
  2 soldier ants (shapeshifter)
  A floating eye (Slime:5)
  2 hell hounds
  17 soldier ants (Lair:6)
  13 water moccasins
  47 orc warriors
  10 porcupines
  A deep troll skeleton (Crypt:3)
  4 black bears
  4 ice beasts
  A necrophage (Crypt:1)
  4 phantoms
  A dream sheep zombie (Crypt:2)
  4 eyes of draining
  15 swamp drakes
  2 manticore zombies
  2 sky beasts
  An elephant zombie (Crypt:2)
  A torturous demonspawn skeleton (Crypt:1)
  13 boggarts
  45 ogres
  4 ettin simulacra
  61 wolves
  A swamp dragon skeleton (Crypt:2)
  9 centaurs
  3 big kobolds
  17 crocodiles
  A fire crab zombie (Crypt:2)
  17 bullfrogs
  2 earth elementals (Elf:3)
  A cyclops zombie (Crypt:1)
  An ogre simulacrum (Vaults:1)
  A hippogriff skeleton (Crypt:2)
  A yaktaur skeleton (Depths:1)
  A glowing shapeshifter simulacrum (Vaults:3)
  2 scorpions
  12 killer bees
  2 electric eels
  11 wights
  5 howler monkeys
  3 centaur zombies
  A lava snake (D:14)
  8 crimson imps
  A hound (D:12)
  4 jellies
  A bullfrog zombie (D:10)
  2 bullfrog skeletons (D:6)
  23 orc priests
  18 orc wizards
  A basilisk skeleton (Crypt:3)
  3 centaur skeletons
  Jessica (D:3)
  A black bear skeleton (Crypt:1)
  7 iguanas
  24 worker ants
  An ogre zombie (Crypt:3)
  A naga skeleton (Crypt:2)
  2 hound zombies (D:7)
  12 mummies (Crypt:3)
  Robin (D:3)
  12 adders
  A gnoll (D:1)
  2 river rats (Sewer)
  3 shadow imps
  3 white imps
  3 oozes
  A worm zombie (Crypt:3)
  An adder zombie (D:5)
  2 adder skeletons
  A halfling skeleton (Crypt:1)
  5 worms
  A barachi skeleton (Crypt:3)
  4 leopard geckos
  92 orcs
  2 giant cockroaches
  12 goblins
  7 hobgoblins
  12 jackals
  12 kobolds
  5 quokkas
  4 ball pythons
  11 bats
  8 frilled lizards
  A goblin skeleton (Crypt:1)
  A leopard gecko zombie (Crypt:3)
  A quokka skeleton (D:6)
  9 rats
  A briar patch (Swamp:4)
  3 crawling corpses (Elf:3)
  A plant (Lair:5)
2461 creatures vanquished.

Vanquished Creatures (collateral kills)
  Boris (Depths:5)
  Saint Roka (Depths:5)
  Vashnia (Snake:4)
  2 tentacled monstrosities
  An Orb Guardian (Zot:5)
  An acid blob (Slime:5)
  A shadow dragon (Depths:5)
  Kirke (Lair:5)
  A storm dragon (Zot:3)
  A vault warden (Vaults:4)
  A draconian knight (Zot:4)
  A draconian scorcher (Zot:5)
  A nagaraja (Snake:4)
  A draconian annihilator (Zot:3)
  A green draconian (Zot:5)
  A vampire knight (Depths:3)
  3 white draconians
  2 ettins (Depths:3)
  2 death oozes
  3 vault guards
  5 hydras
  2 ogre magi (Vaults:1)
  5 two-headed ogres
  2 death yaks (IceCv)
  A spriggan berserker (Depths:5)
  3 spriggans
  A skeletal warrior (D:15)
  3 deep trolls
  A swamp dragon (Swamp:4)
  2 ugly things
  A shining eye (Slime:4)
  4 slime creatures
  A naga mage (Snake:2)
  2 spiny frogs
  A black mamba (Snake:2)
  3 vault sentinels
  2 yaktaurs
  A gargoyle (D:10)
  A komodo dragon (Lair:6)
  2 trolls
  6 blink frogs
  2 hornets
  2 polar bears (IceCv)
  2 hippogriffs
  A bog body (Swamp:4)
  3 dream sheep (Lair:6)
  An air elemental (Elf:3)
  A redback (Vaults:3)
  22 yaks
  A basilisk (Lair:4)
  2 hogs (Lair:5)
  A human (D:10)
  A hungry ghost (D:7)
  A vampire mosquito (D:15)
  Edmund (D:5)
  A water moccasin (Lair:1)
  A floating eye (Slime:4)
  2 porcupines
  A swamp drake (Swamp:4)
  6 orc warriors
  An eye of draining (Slime:5)
  A hornet zombie (D:7)
  14 wolves
  3 ogres (Orc:2)
  A centaur (D:8)
  4 crocodiles
  3 big kobolds (Sewer)
  3 bullfrogs
  2 scorpions (D:12)
  2 killer bees
  4 wights
  A bullfrog zombie (D:13)
  A quasit (Abyss:3)
  A jelly (D:8)
  3 orc priests
  2 orc wizards
  A worker ant (Lair:6)
  A shadow imp (D:9)
  A white imp (Lair:5)
  17 orcs
  5 goblins (D:3)
  A rat (D:3)
  A fungus (Lair:4)
  A plant (Lair:3)
202 creatures vanquished.

Vanquished Creatures (others)
  the Enchantress (Depths:5)
  An Orb Guardian (Zot:5)
  A death cob (Zot:5)
  A grey draconian skeleton (Crypt:3)
  3 humans
  A quasit (Abyss:3)
  A jelly (D:12)
  An orc wizard (Orc:1)
  8 fungi
  14 plants
32 creatures vanquished.

Grand Total: 2695 creatures vanquished

Notes
Turn   | Place    | Note
-------+----------+-------------------------------------------
     0 | D:1      | mortelune the Demonspawn Ice Elementalist began the quest for the Orb.
     0 | D:1      | Reached XP level 1. HP: 13/13 MP: 3/3
   213 | D:1      | Gained mutation: A weak demonic guardian rushes to your aid. [demonic ancestry]
   213 | D:1      | Reached XP level 2. HP: 16/19 MP: 3/5
   217 | D:1      | Learned a level 2 spell: Throw Frost
  1351 | D:1      | Reached XP level 3. HP: 12/24 MP: 0/6
  1825 | D:2      | Learned a level 3 spell: Ozocubu's Armour
  2822 | D:2      | Gained mutation: Your flesh is heat resistant. (rF+) [demonic ancestry]
  2822 | D:2      | Reached XP level 4. HP: 24/30 MP: 2/8
  3259 | D:3      | Noticed Jessica
  3265 | D:3      | Killed Jessica
  3302 | D:3      | Found a glowing drain.
  3365 | Sewer    | Entered a sewer
  3470 | Sewer    | Reached XP level 5. HP: 31/35 MP: 4/9
  3802 | Sewer    | Reached XP level 6. HP: 40/41 MP: 2/10
  4301 | D:3      | Reached skill level 5 in Ice Magic
  4553 | D:3      | Noticed Robin
  4568 | D:3      | Killed Robin
  4778 | D:3      | Gained mutation: You have a somewhat thin skeletal structure. (Dex +2, Stealth) [demonic ancestry]
  4778 | D:3      | Reached XP level 7. HP: 45/46 MP: 5/12
  5426 | D:4      | Learned a level 4 spell: Throw Icicle
  6081 | D:5      | Entered Level 5 of the Dungeon
  6310 | D:5      | Noticed Eustachio
  6368 | D:5      | Got a brightly glowing chain mail
  6587 | D:6      | Reached XP level 8. HP: 19/52 MP: 10/14
  6942 | D:6      | Learned a level 4 spell: Summon Ice Beast
  7162 | D:6      | Got a transparent falchion {freeze}
  7325 | D:6      | Identified the +6 falchion of Zoffob {freeze, rPois rF+} (You took it off an orc on level 6 of the Dungeon)
  7461 | D:6      | Found a blossoming altar of Fedhas.
  7761 | D:6      | Reached skill level 5 in Spellcasting
  7761 | D:6      | Reached skill level 5 in Conjurations
  7999 | D:7      | Found an ornate altar of the Wu Jian Council.
  8340 | D:7      | Found Bing's Book Boutique.
  8396 | D:7      | Found a staircase to the Ecumenical Temple.
  8396 | D:7      | Noticed a hippogriff
  8402 | D:7      | Killed a hippogriff
  8409 | Temple   | Entered the Ecumenical Temple
  8480 | Temple   | Became a worshipper of Ashenzari the Shackled
  8555 | D:7      | Found Pumeagao's Assorted Antiques.
  8586 | D:7      | Bought a pair of runed boots for 225 gold pieces
  8612 | D:7      | Noticed a brown ugly thing
  8624 | D:7      | Killed a brown ugly thing
  8624 | D:7      | Gained mutation: You have sharp toenails. [demonic ancestry]
  8624 | D:7      | Reached XP level 9. HP: 27/57 MP: 3/17
  8988 | D:7      | Found Rutocosa's Antique Weapon Shoppe.
 10034 | D:8      | Found a staircase to the Lair.
 10335 | D:8      | Found a shadowy altar of Dithmenos.
 10514 | D:8      | Reached * piety under Ashenzari
 11762 | D:9      | Noticed xccam's ghost (novice DrGl)
 11888 | D:5      | Noticed Edmund
 11908 | D:5      | Killed Eustachio
 11909 | D:5      | Killed Edmund
 12215 | Lair:1   | Entered Level 1 of the Lair of Beasts
 12498 | Lair:1   | Reached XP level 10. HP: 53/63 MP: 14/20
 12686 | D:8      | Learned a level 4 spell: Iskenderun's Mystic Blast
 13044 | Lair:1   | Reached skill level 10 in Ice Magic
 13101 | Lair:1   | Noticed a seven-headed hydra
 13123 | Lair:1   | Killed a seven-headed hydra
 13241 | Lair:1   | Noticed a spiny frog
 13247 | Lair:1   | Killed a spiny frog
 13257 | Lair:1   | Reached skill level 1 in Fighting
 13348 | Lair:1   | Noticed an eight-headed hydra
 13361 | Lair:1   | Killed an eight-headed hydra
 13450 | Lair:1   | Noticed a five-headed hydra
 13472 | Lair:1   | Killed a five-headed hydra
 13952 | Lair:1   | Gained mutation: You have a moderately thin skeletal structure. (Dex +4, Stealth+) [demonic ancestry]
 13952 | Lair:1   | Reached XP level 11. HP: 64/74 MP: 0/22
 14721 | Lair:1   | Reached ** piety under Ashenzari
 15146 | Lair:2   | Identified the +8 morningstar of Iguar {crush, Int+3 Dex+3 SInv}
 15638 | Lair:2   | Noticed Fannar
 15693 | Lair:2   | Killed Fannar
 15693 | Lair:2   | Reached skill level 1 in Shields
 15928 | Lair:2   | Reached *** piety under Ashenzari
 15937 | Lair:2   | Reached skill level 1 in Long Blades
 15943 | Lair:2   | Reached skill level 5 in Dodging
 16241 | Lair:2   | Found a staircase to the Snake Pit.
 17228 | Lair:3   | Noticed a seven-headed hydra
 17235 | Lair:3   | Killed a seven-headed hydra
 17244 | Lair:3   | Got the uncursed helmet "Seiprit" {rF+ Str+3 Dex-2 Stlth+}
 17256 | Lair:3   | Identified the +2 helmet "Seiprit" {rF+ Str+3 Dex-2 Stlth+} (You found it on level 3 of the Lair of Beasts)
 17306 | Lair:3   | Noticed a lindwurm
 17309 | Lair:3   | Killed a lindwurm
 18041 | Lair:3   | Reached **** piety under Ashenzari
 18044 | Lair:3   | Gained mutation: You have an unnaturally thin skeletal structure. (Dex +6, Stealth++) [demonic ancestry]
 18044 | Lair:3   | Reached XP level 12. HP: 85/85 MP: 15/24
 18343 | Lair:3   | Reached skill level 5 in Fighting
 19661 | Lair:4   | Noticed Nessos
 19969 | Lair:4   | Found a staircase to the Swamp.
 20132 | Lair:5   | Noticed Kirke
 20145 | Lair:5   | Noticed a sphinx
 20241 | Lair:5   | Killed Kirke
 20260 | Lair:5   | Reached skill level 10 in Conjurations
 20421 | Lair:5   | Found a frozen archway.
 20429 | IceCv    | Entered an ice cave
 21301 | IceCv    | Noticed a death yak
 21314 | IceCv    | Killed a death yak
 21856 | IceCv    | Gained mutation: You have razor-sharp toenails. [demonic ancestry]
 21856 | IceCv    | Reached XP level 13. HP: 95/95 MP: 14/26
 22675 | IceCv    | Noticed a frost giant
 23218 | IceCv    | Reached skill level 10 in Spellcasting
 23518 | IceCv    | Learned a level 6 spell: Bolt of Cold
 23525 | IceCv    | Learned a level 6 spell: Freezing Cloud
 24264 | Lair:5   | Reached skill level 1 in Air Magic
 24345 | Lair:5   | Reached ***** piety under Ashenzari
 24869 | Lair:6   | Entered Level 6 of the Lair of Beasts
 25135 | Lair:6   | Found a staircase to the Slime Pits.
 25773 | D:9      | Killed xccam's ghost
 26708 | D:10     | Entered Level 10 of the Dungeon
 26976 | D:10     | Found a staircase to the Orcish Mines.
 28332 | D:11     | Found a sacrificial altar of Ru.
 28584 | D:12     | Noticed Azrael
 28773 | D:12     | Killed Azrael
 28773 | D:12     | Reached XP level 14. HP: 85/105 MP: 0/28
 29079 | D:12     | Identified the +8 chain mail of Kakhajom {rC++ MR- Str+2} (You found it on level 5 of the Dungeon)
 29242 | D:12     | Noticed Maurice
 29243 | D:12     | Noticed Nergalle
 29246 | D:12     | Killed Nergalle
 29252 | D:12     | Killed Maurice
 29909 | D:13     | Found a gate to the Vaults.
 30073 | D:13     | Learned a level 2 spell: Blink
 30501 | D:13     | Noticed Josephine
 30505 | D:13     | Killed Josephine
 31855 | D:15     | Entered Level 15 of the Dungeon
 32623 | Orc:1    | Entered Level 1 of the Orcish Mines
 32937 | Orc:1    | Reached skill level 5 in Shields
 33156 | Orc:1    | Paralysed by an orc sorcerer for 2 turns
 33166 | Orc:1    | Reached ****** piety under Ashenzari
 33175 | Orc:1    | Found Qonixip's Gadget Boutique.
 33237 | Orc:1    | Found Rubufrom's Distillery.
 33260 | Orc:1    | Bought a potion of curing for 51 gold pieces
 33260 | Orc:1    | Bought a potion of heal wounds for 85 gold pieces
 33260 | Orc:1    | Bought a potion of cancellation for 136 gold pieces
 33845 | Orc:2    | Entered Level 2 of the Orcish Mines
 34174 | Orc:2    | Gained mutation: You have claws for feet. [demonic ancestry]
 34174 | Orc:2    | Reached XP level 15. HP: 70/114 MP: 4/31
 34587 | Orc:2    | Found Efoh's General Store.
 34587 | Orc:2    | Found a roughly hewn altar of Beogh.
 34588 | Orc:2    | Found Huisadai's Antique Weapon Boutique.
 34790 | Orc:2    | Found Pyntotuf's Magic Scroll Shoppe.
 34803 | Orc:2    | Found Zezasub's General Store.
 34807 | Orc:2    | Bought a scroll of teleportation for 33 gold pieces
 34818 | Orc:2    | Bought a potion of heal wounds for 80 gold pieces
 35444 | Orc:2    | Found a staircase to the Elven Halls.
 35871 | Orc:2    | Bought the +2 helmet "Vueg" {MR+ MP+9} for 644 gold pieces
 36631 | Lair:6   | Reached skill level 10 in Fighting
 39709 | D:15     | Found a staircase to the Depths.
 39719 | D:15     | Found a shadowy altar of Dithmenos.
 40323 | D:15     | Found Xefec's Distillery.
 40330 | D:15     | Bought a potion of curing for 45 gold pieces
 40330 | D:15     | Bought 2 potions of curing for 90 gold pieces
 40810 | Lair:4   | Killed Nessos
 41054 | Swamp:1  | Entered Level 1 of the Swamp
 41068 | Swamp:1  | Gained mutation: Your magical and physical power is slightly enhanced at high health. [demonic ancestry]
 41068 | Swamp:1  | Reached XP level 16. HP: 124/124 MP: 1/33
 42590 | Swamp:2  | Noticed Soeti's ghost (adept OpTm)
 42641 | Swamp:2  | Killed Soeti's ghost
 42641 | Swamp:2  | Reached skill level 10 in Shields
 44159 | Swamp:3  | Noticed Nikola
 44170 | Swamp:3  | Killed Nikola
 44295 | Swamp:3  | Noticed a thorn hunter
 44300 | Swamp:3  | Killed a thorn hunter
 44400 | Swamp:3  | Identified a scroll of acquirement
 44401 | Swamp:3  | Identified the cursed +3 cloak of Grace {MR+} (You acquired it on level 3 of the Swamp)
 44548 | Swamp:3  | Identified the +2 scale mail of the Other World {SInv}
 45665 | Swamp:4  | Entered Level 4 of the Swamp
 45704 | Swamp:4  | Noticed kidcy's ghost (journeyman HOFi)
 45748 | Swamp:4  | Killed kidcy's ghost
 45934 | Swamp:4  | Reached skill level 15 in Spellcasting
 46200 | Swamp:4  | Identified the +2 plate armour of Utoesee {rF+ MR+ Str-5 Stlth+}
 47177 | Swamp:4  | Reached XP level 17. HP: 133/133 MP: 27/36
 48219 | Swamp:4  | Got a decaying rune of Zot
 48443 | Swamp:4  | Learned a level 6 spell: Iron Shot
 48668 | Snake:1  | Entered Level 1 of the Snake Pit
 48894 | Snake:1  | Reached skill level 1 in Earth Magic
 49100 | Snake:1  | Learned a level 2 spell: Passwall
 50803 | Snake:2  | Identified Otuma's Collected Works on the Traveller and Necromancy
 51768 | Snake:3  | Gained mutation: You are immune to clouds of flame. [demonic ancestry]
 51768 | Snake:3  | Reached XP level 18. HP: 143/143 MP: 32/37
 51770 | Snake:3  | Reached skill level 5 in Long Blades
 52032 | Snake:3  | Noticed Mara
 52038 | Snake:3  | Noticed mortelune's illusion
 52038 | Snake:3  | Killed Mara
 52038 | Snake:3  | Reached skill level 5 in Earth Magic
 52445 | Snake:3  | Found Piablum's Assorted Antiques.
 52451 | Snake:3  | Bought an ichor-stained shield for 389 gold pieces
 52451 | Snake:3  | Identified the cursed +0 shield of Good Intentions {rF+ rCorr Str+3} (You bought it in a shop on level 3 of the Snake Pit)
 53385 | Snake:4  | Entered Level 4 of the Snake Pit
 54147 | Snake:4  | Noticed Agnes
 54151 | Snake:4  | Killed Agnes
 54184 | Snake:4  | Noticed Vashnia
 54229 | Snake:4  | Killed Vashnia
 56401 | Snake:4  | Reached XP level 19. HP: 133/153 MP: 0/38
 56583 | Snake:4  | Got a serpentine rune of Zot
 57237 | Vaults:1 | Entered Level 1 of the Vaults
 60447 | Vaults:2 | Reached skill level 15 in Fighting
 62402 | Vaults:2 | Gained mutation: A demonic guardian rushes to your aid. [demonic ancestry]
 62402 | Vaults:2 | Reached XP level 20. HP: 158/162 MP: 32/40
 63006 | Vaults:2 | Learned a level 5 spell: Lee's Rapid Deconstruction
 63199 | Vaults:3 | Found Igrowink's Assorted Antiques.
 63397 | Vaults:3 | Bought a scroll of blinking for 165 gold pieces
 63883 | Vaults:3 | Found a staircase to the Crypt.
 63883 | Vaults:3 | Found an ancient bone altar of Kikubaaqudgha.
 63883 | Vaults:3 | Found a basalt altar of Yredelemnul.
 65190 | Vaults:3 | Reached skill level 10 in Earth Magic
 65369 | Vaults:4 | Found Asast's Magic Scroll Emporium.
 65379 | Vaults:4 | Bought a scroll of summoning for 133 gold pieces
 65379 | Vaults:4 | Bought a scroll of teleportation for 42 gold pieces
 65379 | Vaults:4 | Bought a scroll of teleportation for 42 gold pieces
 65434 | Vaults:4 | Found a roughly hewn altar of Beogh.
 67839 | Vaults:4 | Gained mutation: A powerful demonic guardian rushes to your aid. [demonic ancestry]
 67839 | Vaults:4 | Reached XP level 21. HP: 172/172 MP: 29/42
 69037 | D:7      | Bought a scroll of remove curse for 90 gold pieces
 69037 | D:7      | Bought a potion of heal wounds for 150 gold pieces
 69134 | Elf:1    | Entered Level 1 of the Elven Halls
 69421 | Elf:1    | Identified the Collected Works on Blows and Bruises
 69790 | Elf:1    | Found Huufroso's Armour Emporium.
 69952 | Elf:1    | Identified the +7 scimitar of Dazecw {slice, rElec rF+ rC++}
 70618 | Elf:2    | Found an ancient bone altar of Kikubaaqudgha.
 71389 | Elf:2    | Found a runed gate.
 71390 | Elf:2    | Found a runed gate.
 71394 | Elf:2    | Found a runed gate.
 72207 | Elf:3    | Entered Level 3 of the Elven Halls
 73584 | Elf:3    | Identified the +3 battleaxe "Beufoc" {chop, rPois Int-3 Dex+6 Stlth+} (You took it off a deep elf demonologist on level 3 of the Elven Halls)
 73618 | Elf:3    | Identified the +7 morningstar "Misa" {freeze, rF+} (You took it off a deep elf death mage on level 3 of the Elven Halls)
 73886 | Elf:3    | Identified the +7 scale mail "Gioneu" {Str+2 Dex+2} (You took it off a deep elf high priest on level 3 of the Elven Halls)
 74132 | Elf:3    | Reached skill level 1 in Armour
 74135 | Elf:3    | Identified the +7 rapier "Gaahal" {holy, +Rage Stlth+} (You took it off a deep elf demonologist on level 3 of the Elven Halls)
 74328 | Elf:3    | Identified the ring of Hifibuaf {Wiz rC+ MR+ SInv} (You took it off a deep elf death mage on level 3 of the Elven Halls)
 74596 | Elf:3    | Gained mutation: Your magical and physical power is enhanced at high health. [demonic ancestry]
 74596 | Elf:3    | Reached XP level 22. HP: 182/182 MP: 39/44
 74660 | Elf:3    | Identified the Handbook of Icy Orientation
 74683 | Elf:3    | Identified Fyrielix's Advanced Steps in Witchcraft
 74730 | Elf:3    | Identified the cursed +0 ring mail of Complete Protection {+Inv Dex+4 Slay+2 Stlth+}
 74822 | Elf:3    | Learned a level 4 spell: Passage of Golubria
 74906 | Elf:3    | Reached skill level 1 in Translocations
 75770 | Depths:1 | Entered Level 1 of the Depths
 76425 | Depths:1 | Found a gateway to Hell.
 76800 | Depths:1 | Reached skill level 10 in Dodging
 76904 | Depths:1 | Found Zeiheo's Gadget Shoppe.
 76912 | Depths:1 | Found Pieqaimm's Gadget Emporium.
 77822 | Depths:2 | Reached skill level 5 in Armour
 78052 | Depths:2 | Identified the cursed +1 ring mail "Dysuuruo" {rC+ rCorr}
 78464 | Depths:2 | Found the +7 great mace "Firestarter" {inner flame, rF++}
 78465 | Depths:2 | Identified the cursed +0 scale mail of Parts Unknown {*Slow rF++ Regen+}
 79661 | Depths:2 | Identified the +6 rapier of Eternal War {holy, *Contam rPois Dex+4 Stlth-}
 79678 | Depths:2 | Identified the +1 robe "Qeigun" {rElec rPois MR+ Str-2}
 79786 | Depths:2 | Reached XP level 23. HP: 185/190 MP: 4/45
 80103 | Depths:3 | Found a one-way gate leading to the halls of Pandemonium.
 81445 | Depths:3 | Found a gateway to a ziggurat.
 82535 | Depths:3 | Found a corrupted altar of Lugonu.
 82535 | Depths:3 | Found a one-way gate to the infinite horrors of the Abyss.
 82873 | Depths:4 | Found a portal to a secret trove of treasure.
 83241 | Depths:4 | Identified the +10 plate armour of Vehumet's Vengeance {Str+2 Dex-4 Slay+2}
 83911 | Depths:4 | Noticed a caustic shrike
 83912 | Depths:4 | Noticed the Enchantress
 84077 | Depths:5 | Entered Level 5 of the Depths
 84709 | Depths:5 | Found a gate to the Realm of Zot.
 85227 | Depths:5 | Noticed Margery
 85231 | Depths:5 | Killed Margery
 85307 | Depths:5 | Noticed Saint Roka
 85319 | Depths:5 | Killed Saint Roka
 85319 | Depths:5 | Reached skill level 10 in Armour
 85321 | Depths:5 | Noticed Boris
 85773 | Depths:5 | Found Ciucruu's Magic Scroll Boutique.
 85827 | Depths:5 | Killed Boris
 86136 | Depths:5 | Reached XP level 24. HP: 192/199 MP: 35/46
 86649 | Depths:4 | Found a hide-covered altar of Uskayaw.
 87248 | Depths:5 | Killed the Enchantress
 87248 | Depths:5 | Identified the +2 faerie dragon scales {rN+ rCorr Str-2 Slay+3}
 88246 | Depths:4 | Identified the +1 ring mail "Udigh" {rF+ rC+}
 88475 | Depths:4 | Voluntarily entered the Abyss.
 88550 | Abyss:3  | Identified the cursed +3 spear "Spiderbane" {speed, rPois rC+ Str+4}
 88736 | Abyss:3  | Got an abyssal rune of Zot
 88899 | Abyss:3  | Found a corrupted altar of Lugonu.
 88904 | Depths:4 | Escaped the Abyss
 89171 | Depths:4 | You showed the abyssal rune of Zot to enter a treasure trove
 89172 | Trove    | Entered a treasure trove
 89216 | Trove    | Identified Sif Muna's Handbook of Shifting Orientation
 89238 | Trove    | Identified Sif Muna's Catalogue of Harmful Summoning
 89246 | Trove    | Identified Sif Muna's Grimoire of Combat Magic and Transmigration
 89251 | Trove    | Identified the Tome of the Warped Glacier
 89277 | Depths:4 | Learned a level 8 spell: Lehudib's Crystal Spear
 89543 | Crypt:1  | Entered Level 1 of the Crypt
 91847 | Crypt:2  | Noticed Frederick
 91875 | Crypt:2  | Killed Frederick
 92214 | Crypt:3  | Entered Level 3 of the Crypt
 92269 | Crypt:3  | Identified the +0 helmet of Mifemn {rElec}
 92308 | Crypt:3  | Found a staircase to the Tomb.
 92650 | Crypt:3  | Gained mutation: Your magical and physical power is greatly enhanced at high health. [demonic ancestry]
 92650 | Crypt:3  | Reached XP level 25. HP: 208/208 MP: 33/46
 93863 | Crypt:3  | Found an ancient bone altar of Kikubaaqudgha.
 93867 | Crypt:3  | Found a basalt altar of Yredelemnul.
 94894 | Slime:1  | Entered Level 1 of the Pits of Slime
 94901 | Slime:1  | Reached skill level 15 in Earth Magic
 95313 | Slime:4  | Gained mutation: You do not regenerate when monsters are visible. [a shining eye]
 95314 | Slime:4  | Gained mutation: You are resistant to hostile enchantments. (MR+) [a shining eye]
 95532 | Slime:4  | Gained mutation: You are weak. (Str -2) [a shining eye]
 95533 | Slime:4  | Paralysed by a floating eye for 4 turns
 95534 | Slime:4  | Gained mutation: You are dopey. (Int -2) [a shining eye]
 95968 | Slime:4  | Gained mutation: Your magical capacity is low. (-10% MP) [a shining eye]
 95973 | Slime:4  | Gained mutation: Your spells are a little easier to cast, but a little less powerful. [a shining eye]
 95974 | Slime:4  | Gained mutation: Your flesh is very heat resistant. (rF++) [a shining eye]
 96408 | Slime:5  | Entered Level 5 of the Pits of Slime
 96434 | Slime:5  | Paralysed by a floating eye for 2 turns
 96437 | Slime:5  | Gained mutation: Scrolls take you a little longer to read. [a shining eye]
 96441 | Slime:5  | Gained mutation: Scrolls take you longer to read. [a shining eye]
 97116 | Slime:5  | Noticed the Royal Jelly
 97125 | Slime:5  | Killed the Royal Jelly
 97143 | Slime:5  | Identified the +7 flail "Fuboedda" {freeze, *Slow +Blink rPois Str-2}
 97143 | Slime:5  | Identified the ring "Wot Puel" {Ice rPois rN+ Dex-2 Slay+6}
 97168 | Slime:5  | Identified the +6 hand crossbow of Xadwomn {freeze, rC+ rN+ MP+9 Stlth+}
 97169 | Slime:5  | Identified the +10 plate armour "Ruramuin" {rCorr Str+3 Int+2}
 97185 | Slime:5  | Identified the Compendium of Air and the Entourage
 97237 | Slime:5  | Identified the +7 dire flail of Ilayshredul {antimagic, Int+4}
 97240 | Slime:5  | Got a slimy rune of Zot
 97735 | Orc:2    | Bought a ration for 70 gold pieces
 97735 | Orc:2    | Bought a ration for 70 gold pieces
 97746 | Orc:2    | Bought a scroll of fog for 32 gold pieces
 97746 | Orc:2    | Bought a ration for 80 gold pieces
 97746 | Orc:2    | Bought a scroll of enchant armour for 120 gold pieces
 97746 | Orc:2    | Bought a potion of curing for 48 gold pieces
 97746 | Orc:2    | Bought a scroll of fear for 56 gold pieces
 98009 | Zot:1    | Entered Level 1 of the Realm of Zot
 98616 | Zot:1    | Identified the +4 scale mail of a labyrinth {MR+ Int+3 Stlth-}
 99572 | Zot:2    | Gained mutation: Your demonic aura causes spilled blood to erupt in flames. [demonic ancestry]
 99572 | Zot:2    | Reached XP level 26. HP: 217/217 MP: 34/42
 99595 | Zot:2    | Lost mutation: Your magical capacity is low. (-10% MP) [potion of mutation]
 99595 | Zot:2    | Lost mutation: You are resistant to hostile enchantments. (MR+) [potion of mutation]
 99595 | Zot:2    | Lost mutation: Your spells are a little easier to cast, but a little less powerful. [potion of mutation]
 99595 | Zot:2    | Lost mutation: You are dopey. (Int -2) [potion of mutation]
 99595 | Zot:2    | Gained mutation: You have a pair of small horns on your head. [potion of mutation]
 99762 | Zot:2    | Lost mutation: You have a pair of small horns on your head. [potion of mutation]
 99762 | Zot:2    | Lost mutation: You are weak. (Str -2) [potion of mutation]
 99762 | Zot:2    | Lost mutation: Your flesh is very heat resistant. (rF++) [potion of mutation]
 99762 | Zot:2    | Gained mutation: You have a beak for a mouth. [potion of mutation]
 99762 | Zot:2    | Gained mutation: Your spells are a little harder to cast, but a little more powerful. [potion of mutation]
 99762 | Zot:2    | Gained mutation: Your muscles are strong. (Str +2) [potion of mutation]
103054 | Zot:5    | Entered Level 5 of the Realm of Zot
103450 | Zot:5    | Identified the cursed ring "Myvaiwin" {+Inv rPois Str-2 Dex-3}
103464 | Zot:5    | Reached skill level 15 in Dodging
103478 | Zot:5    | Reached skill level 15 in Armour
103478 | Zot:5    | Reached XP level 27. HP: 151/226 MP: 11/47
103575 | Zot:5    | Learned a level 9 spell: Shatter
103741 | Zot:5    | Noticed an ancient lich
103853 | Zot:5    | HP: 7/227 [Killer Klown (6)]
103853 | Zot:5    | Demolished by a Killer Klown

Vault maps used:
D:1:      eino_arrival_water_star
D:2:      first_ration
D:3:      portal_sewer_entry_a, minmay_ogre_servants, uniq_jessica, uniq_robin
D:4:      kennysheep_big_flooded_room
D:5:      uniq_edmund, uniq_eustachio
D:6:      basic_altar, kennysheep_generic_room_15
D:7:      minmay_thick_lines, minmay_temple_entry_hall, serial_shops,
          nicolae_shop_trees, nicolae_shop_waterfront, shop, basic_altar
D:8:      overflow_temple_1_default, lair_entry_dummy
D:9:      lightli_fourway_metalbox
D:10:     erik_orc_4
D:11:     basic_altar
D:12:     uniq_maurice, uniq_nergalle, uniq_azrael
D:13:     erik_vaults_1, hangedman_fish_farm, uniq_josephine
D:14:     wad_pebble_path, nicolae_lava_and_water
D:15:     hangedman_depths_entry_civil_slaughter, serial_shops, shop,
          grunt_dithmenos_smoke, grunt_decor_one_mirror
Temple:   compressed_dpeg_circular_temple
Lair:1:   grunt_forest_large_clearings
Lair:2:   dummy_snake_entry, grunt_megastairs_5, uniq_fannar
Lair:3:   cheibrodos_lair_overgrown_chateau, beast_lair_carwin_7,
          minmay_lair_oklob_chamber, serial_bayou_shore_b
Lair:4:   swamp_mist_pool, uniq_nessos
Lair:5:   portal_ice_cave_rime, bobbens_ice_dragon_lair, serial_bayou_shore_a,
          uniq_kirke
Lair:6:   minmay_lair_end_enchanted_forest, slime_dummy, zaba_antful_of_joy,
          grunt_megastairs_1
Swamp:1:  serial_swamp_ruin, evilmike_swamp_ruin_house_4,
          evilmike_swamp_ruin_house_1, evilmike_swamp_ruin_rubble_1,
          swamp_pool3, infiniplex_staircase_pool
Swamp:2:  nicolae_swamp_treefoil
Swamp:3:  nicolae_swamp_round_clearing, uniq_nikola
Swamp:4:  swamp_basic_johnstein, infiniplex_staircase_pool_2
Snake:2:  kennysheep_snake
Snake:3:  serial_shops, nicolae_shop_overgrown_old_shop, uniq_mara
Snake:4:  johnstein_snake_rune_scales, grunt_megastairs_3, uniq_vashnia,
          uniq_agnes
Slime:1:  nicolae_slime_phagocytosis
Slime:4:  nicolae_slime_ancient_tower_intersection
Orc:1:    serial_shops, shop, shop_statue, nicolae_orc_rockfall
Orc:2:    st_orc_open, basic_altar, nicolae_volcano_entry_vermiform
Elf:1:    eino_elf_arrival_customs, serial_shops, shop, minmay_elf_annihilation
Elf:2:    basic_altar, nicolae_elf_stair_hall
Elf:3:    minmay_elf_hall_not_hex
Vaults:1: v_pattern_1, hangedman_vaults_slither, nicolae_vaults_network_square,
          vaults_mumra_minichess_inversion, vaults_dpeg_spiral,
          nicolae_vaults_mini_display_case, ontoclasm_vaults_twist
Vaults:2: v_alt_pattern_2, hangedman_vaults_stitches, nicolae_vaults_little_ls,
          v_alt_pattern_6, nicolae_vaults_border_crossing,
          nicolae_vaults_rhombus_5, vaults_room_door_ring,
          ontoclasm_vaults_ligature
Vaults:3: hangedman_vaults_corner, hangedman_vaults_capsules,
          nicolae_vaults_ninety_degrees, ontoclasm_vaults_loading_screen,
          minmay_crypt_entry_necro_gods, hangedman_vaults_hat, serial_ice_m,
          grunt_vaults_hallway_short, vaults_room_grid, v_misc_5,
          vaults_room_door_hall, vaults_room_pools, serial_shops,
          nicolae_shop_overgrown_old_shop
Vaults:4: ontoclasm_vaults_idyll, v_rooms_3, nicolae_vaults_twisting_passages,
          hangedman_vaults_pinch, v_rooms_2, nicolae_vaults_back_hallway,
          v_misc_23, vaults_dpeg_hooks, ontoclasm_vaults_shuriken, v_misc_18,
          nicolae_vaults_sealed_display, nicolae_vaults_specimen_jars,
          special_room_vaults, serial_shops, shop_statue
Crypt:1:  grunt_megastairs_4, grunt_crypt_arrival_webbed
Crypt:2:  hangedman_weighted_door, grunt_ministairs_2, uniq_frederick
Crypt:3:  lightli_unholy_cathedral,
          nicolae_tomb_entry_unfolded_pyramid_diagonal, grunt_ministairs_5
Depths:1: hell_entry, minmay_misc_feat_ornament, minmay_misc_feat_alley,
          st_stairs_7, dk_noncrumbling_4, lightli_corner_chamber,
          minmay_shoptagon, grunt_megastairs_2
Depths:2: hangedman_crystal_crosses_colossus, serial_shops, hell_entry
Depths:3: grunt_twist_and_shout, enter_ziggurat_e, abyss_entry_flame_altar,
          grunt_decor_cap, grunt_hell_entry_dis_grunt, pan_entry
Depths:4: regret_index_uskayaw_diablada_macabre, lightli_too_deep,
          abyss_entry_crystal, minmay_curled_crystal, enter_trove_3,
          minmay_crystal_room, uniq_enchantress
Depths:5: evilmike_zot_entry_hall, hell_entry, serial_shops,
          nicolae_shop_waterfront, hangedman_decor_lopped, uniq_boris,
          uniq_margery, uniq_saint_roka
Zot:2:    zot_minivault_3
Abyss:3:  grunt_abyss_rune_wretched_hive
Trove:    trove_library
Sewer:    sewer_co_15_rooms
IceCv:    ice_cave_caverns_01

Skill      XL: |  1  2  3  4  5  6  7  8  9 10 11 12 13 14 15 16 17 18 19 20 21 22 23 24 25 26 |
---------------+-------------------------------------------------------------------------------+-----
Ice Magic      | 3 4 5 6 8 9 10 11 12 13 | 13.4
Dodging        | 2 3 4 5 7 8 9 10 11 12 13 15 | 15.1
Conjurations   | 2 3 4 5 7 8 9 10 11 12 13 14 | 14.4
Spellcasting   | 3 4 5 6 7 8 9 10 12 13 15 16 17 18 19 20 | 20.9
Fighting       | 2 4 6 8 9 10 12 13 14 15 16 17 18 19 20 | 20.9
Shields        | 2 6 9 11 | 11.2
Long Blades    | 1 4 7 9 |  9.7
Air Magic      | 3 |  3.9
Earth Magic    | 4 7 9 11 12 13 14 15 16 | 16.7
Stealth        | 3 |  3.1
Armour         | 2 6 10 12 13 15 | 15.1
Translocations | 1 |  1.8

Action                   |  1- 3 |  4- 6 |  7- 9 | 10-12 | 13-15 | 16-18 | 19-21 | 22-24 | 25-27 || total
-------------------------+-------+-------+-------+-------+-------+-------+-------+-------+-------++-------
Melee: Hand axe          |    47 |     7 |    17 |       |       |       |       |       |       ||    71
       Falchion          |       |       |    85 |   126 |   146 |   135 |   113 |       |       ||   605
       Kick              |       |       |       |       |     6 |    71 |    77 |   210 |   188 ||   552
       Scimitar          |       |       |       |       |       |       |    35 |   428 |   413 ||   876
       Peck              |       |       |       |       |       |       |       |       |    45 ||    45
 Cast: Freeze            |    48 |    70 |    85 |   262 |    73 |    26 |    13 |       |       ||   577
       Throw Frost       |    26 |    51 |   106 |   171 |   109 |    26 |    27 |     3 |     9 ||   528
       Throw Icicle      |       |       |    43 |    45 |   548 |   667 |   540 |   134 |    87 ||  2064
       Ozocubu's Armour  |       |       |    20 |    30 |    36 |    21 |    33 |       |       ||   140
       Summon Ice Beast  |       |       |    26 |    75 |    75 |    21 |    27 |    18 |     6 ||   248
       Iskenderun's Myst |       |       |       |    34 |    13 |    45 |     2 |       |       ||    94
       Bolt of Cold      |       |       |       |       |    62 |    80 |    37 |    41 |     5 ||   225
       Freezing Cloud    |       |       |       |       |    48 |    51 |    92 |    58 |    28 ||   277
       Blink             |       |       |       |       |     2 |     5 |       |     8 |     3 ||    18
       Iron Shot         |       |       |       |       |       |     8 |   241 |   543 |   216 ||  1008
       Lee's Rapid Decon |       |       |       |       |       |       |    59 |    57 |    11 ||   127
       Passage of Golubr |       |       |       |       |       |       |       |     1 |       ||     1
       Lehudib's Crystal |       |       |       |       |       |       |       |     4 |    56 ||    60
       Shatter           |       |       |       |       |       |       |       |       |     4 ||     4
Invok: Curse Item        |       |       |     4 |     2 |     3 |     2 |     2 |     3 |     1 ||    17
Evoke: Wand              |       |       |       |     1 |     4 |       |       |     5 |       ||    10
  Use: Scroll            |       |     5 |     8 |     3 |    19 |    13 |     6 |     7 |     2 ||    63
       Potion            |       |     1 |     3 |     5 |     6 |     4 |     1 |     8 |    12 ||    40
 Stab: Distracted        |       |       |     3 |     2 |     5 |     1 |     5 |     4 |     1 ||    21
       Invisible         |       |       |       |     4 |       |       |       |       |       ||     4
       Sleeping          |       |       |       |       |       |       |       |     6 |     2 ||     8
  Eat: Chunk             |     8 |     8 |    23 |    25 |    67 |    30 |    79 |    70 |    25 ||   335
       Ration            |       |       |     4 |     5 |    12 |    14 |    10 |    17 |    16 ||    78
Armor: Robe              |    31 |     8 |    66 |   100 |   115 |    84 |    65 |       |       ||   469
       Scale mail        |       |       |       |       |       |       |     5 |   132 |       ||   137
       Acid dragon scale |       |       |       |       |       |       |       |    56 |   127 ||   183
Dodge: Dodged            |    92 |    36 |   151 |   352 |   403 |   318 |   314 |   455 |   367 ||  2488
Block: Buckler           |       |       |       |    56 |   156 |    74 |       |       |       ||   286
       Shield            |       |       |       |       |       |   180 |   305 |   420 |   268 ||  1173
       Rpst.: Falchion   |       |       |    30 |   102 |    95 |    60 |    34 |       |       ||   321
       Scimitar          |       |       |       |       |       |       |    12 |    72 |    68 ||   152

Table legend:
 A = Spawn XP
 B = Non-spawn XP
 C = Spawn XP percentage of total XP
 D = Spawn monster count
 E = Non-spawn monster count
 F = Spawn count percentage of total count
 G = Total turns spent on level
                    A         B        C        D         E        F      G
               +---------+---------+-------+---------+---------+-------+---------
         Total |   11373 | 1512219 |   0.7 |      25 |    2629 |   0.9 | 103853
               +---------+---------+-------+---------+---------+-------+---------
           D:1 |       0 |      61 |   0.0 |       0 |      26 |   0.0 |  1819
           D:2 |       0 |      39 |   0.0 |       0 |      15 |   0.0 |  1434
           D:3 |       0 |     243 |   0.0 |       0 |      36 |   0.0 |   810
           D:4 |       0 |     266 |   0.0 |       0 |      19 |   0.0 |  1138
           D:5 |       0 |     526 |   0.0 |       0 |       9 |   0.0 |   705
           D:6 |       0 |     920 |   0.0 |       0 |      33 |   0.0 |  1763
           D:7 |       0 |    1640 |   0.0 |       0 |      26 |   0.0 |  1519
           D:8 |       0 |     902 |   0.0 |       0 |      18 |   0.0 |  2160
           D:9 |       0 |    4022 |   0.0 |       0 |      29 |   0.0 |  1331
          D:10 |       0 |    4495 |   0.0 |       0 |      37 |   0.0 |  1075
          D:11 |       0 |    1992 |   0.0 |       0 |      19 |   0.0 |  1096
          D:12 |       0 |    7915 |   0.0 |       0 |      38 |   0.0 |  1064
          D:13 |       0 |    8923 |   0.0 |       0 |      29 |   0.0 |  1617
          D:14 |       0 |    6680 |   0.0 |       0 |      18 |   0.0 |  1810
          D:15 |       0 |   16764 |   0.0 |       0 |      40 |   0.0 |  1818
        Lair:1 |       0 |    9026 |   0.0 |       0 |      58 |   0.0 |  2650
        Lair:2 |       0 |    2713 |   0.0 |       0 |      11 |   0.0 |  1951
        Lair:3 |       0 |    8666 |   0.0 |       0 |      42 |   0.0 |  2618
        Lair:4 |       0 |    3989 |   0.0 |       0 |      15 |   0.0 |  1286
        Lair:5 |       0 |    9503 |   0.0 |       0 |      41 |   0.0 |  2130
        Lair:6 |       0 |   28394 |   0.0 |       0 |     130 |   0.0 |  3189
       Swamp:1 |       0 |   11329 |   0.0 |       0 |      40 |   0.0 |  1232
       Swamp:2 |       0 |   15748 |   0.0 |       0 |      42 |   0.0 |  1935
       Swamp:3 |       0 |   21717 |   0.0 |       0 |      56 |   0.0 |  1962
       Swamp:4 |       0 |   37403 |   0.0 |       0 |      81 |   0.0 |  2365
       Snake:1 |       0 |   13399 |   0.0 |       0 |      30 |   0.0 |  1254
       Snake:2 |       0 |   37832 |   0.0 |       0 |      70 |   0.0 |  1908
       Snake:3 |       0 |   30439 |   0.0 |       0 |      37 |   0.0 |  2321
       Snake:4 |       0 |   59450 |   0.0 |       0 |      82 |   0.0 |  2888
       Slime:1 |       0 |    8190 |   0.0 |       0 |      19 |   0.0 |   235
       Slime:2 |       0 |    1781 |   0.0 |       0 |       7 |   0.0 |   110
       Slime:3 |       0 |   13597 |   0.0 |       0 |      31 |   0.0 |   441
       Slime:4 |       0 |   16284 |   0.0 |       0 |      42 |   0.0 |   822
       Slime:5 |       0 |   50345 |   0.0 |       0 |      52 |   0.0 |  1022
         Orc:1 |       0 |    9241 |   0.0 |       0 |      57 |   0.0 |  1903
         Orc:2 |       0 |   16179 |   0.0 |       0 |      66 |   0.0 |  1661
         Elf:1 |       0 |   24359 |   0.0 |       0 |      33 |   0.0 |  1749
         Elf:2 |       0 |   38348 |   0.0 |       0 |      50 |   0.0 |  2482
         Elf:3 |       0 |   54537 |   0.0 |       0 |      56 |   0.0 |  2269
      Vaults:1 |       0 |   55054 |   0.0 |       0 |      89 |   0.0 |  3045
      Vaults:2 |       0 |   46928 |   0.0 |       0 |      86 |   0.0 |  2859
      Vaults:3 |       0 |   47128 |   0.0 |       0 |      87 |   0.0 |  2967
      Vaults:4 |       0 |   68833 |   0.0 |       0 |     119 |   0.0 |  2974
       Crypt:1 |       0 |   37479 |   0.0 |       0 |      52 |   0.0 |  1507
       Crypt:2 |       0 |   32289 |   0.0 |       0 |      42 |   0.0 |  1450
       Crypt:3 |       0 |   56420 |   0.0 |       0 |      63 |   0.0 |  1721
      Depths:1 |       0 |   52798 |   0.0 |       0 |      74 |   0.0 |  1704
      Depths:2 |       0 |   75599 |   0.0 |       0 |      56 |   0.0 |  2605
      Depths:3 |       0 |   63876 |   0.0 |       0 |      75 |   0.0 |  2460
      Depths:4 |       0 |   24490 |   0.0 |       0 |      24 |   0.0 |  2072
      Depths:5 |       0 |  108980 |   0.0 |       0 |      85 |   0.0 |  3995
         Zot:1 |       0 |   31652 |   0.0 |       0 |      22 |   0.0 |  1515
         Zot:2 |       0 |   41022 |   0.0 |       0 |      27 |   0.0 |  1121
         Zot:3 |       0 |   58692 |   0.0 |       0 |      33 |   0.0 |  1205
         Zot:4 |       0 |   56232 |   0.0 |       0 |      31 |   0.0 |  1204
         Zot:5 |       0 |   58391 |   0.0 |       0 |      29 |   0.0 |   799
       Abyss:1 |     980 |       0 | 100.0 |       1 |       0 | 100.0 |    53
       Abyss:3 |   10393 |    7571 |  57.9 |      24 |      21 |  53.3 |   358
         Sewer |       0 |     469 |   0.0 |       0 |      20 |   0.0 |   910
         IceCv |       0 |   10459 |   0.0 |       0 |      54 |   0.0 |  3097
               +---------+---------+-------+---------+---------+-------+---------
